 Dungeon Crawl Stone Soup version 0.29.0-11-gd7f09526c8 (webtiles) character file.

Game seed: 13270838166970421889

2391 mdonais the Firebug (level 9, 0/58 HPs)
             Began as an Octopode Cinder Acolyte on Sept 6, 2022.
             Was a High Priest of Ignis.
             Slain by a wyvern (5 damage)
             ... on level 7 of the Dungeon on Sept 7, 2022.
             The game lasted 00:36:01 (9063 turns).

mdonais the Firebug (Octopode Cinder Acolyte)       Turns: 9063, Time: 00:36:01

Health: 0/58       AC:  1    Str: 14    XL:     9   Next: 46%
Magic:  8/25       EV: 12    Int: 20    God:    Ignis [*****.]
Gold:   65         SH:  0    Dex:  7    Spells: 3/18 levels left

rFire   + . .      SeeInvis .   I - +1 falchion (freeze)
rCold   . . .      Faith    .   (no shield)
rNeg    . . .      Spirit   .   (helmet restricted)
rPois   .          Reflect  .   (no amulet)
rElec   .          Harm     .   h - ring of magical power
rCorr   .          Rampage  .   (no ring)
Will    .....                   (no ring)
Stlth   +++.......              (no ring)
HPRegen 0.19/turn               (no ring)
MPRegen 0.19/turn               (no ring)
                                (no ring)
                                (no ring)

@: no status effects
A: almost no armour, amphibious, 8 rings, camouflage 1, gelatinous body 1,
(nimble swimmer 1), tentacles
a: Renounce Religion, Fiery Armour, Foxfire Swarm, Rising Flame


You were on level 7 of the Dungeon.
You worshipped Ignis.
Ignis was extremely pleased with you.
You visited 2 branches of the dungeon, and saw 8 of its levels.

You collected 346 gold pieces.
You spent 281 gold pieces at shops.

Inventory:

Hand Weapons
 a - a -1 falchion of flaming
 c - a +2 dagger of venom
   (You took it off an orc wizard on level 6 of the Dungeon)
 g - a +1 vampiric dagger
   (You took it off a goblin on level 2 of the Dungeon)
 j - a +2 vorpal spear
   (You took it off a goblin on level 4 of the Dungeon)
 m - a +2 trident of venom
   (You took it off an orc on level 3 of the Dungeon)
 n - a +0 scimitar
   (You took it off a wight on level 6 of the Dungeon)
 A - a +2 falchion of holy wrath
   (You found it on level 5 of the Dungeon)
 D - a +0 shortbow
   (You took it off a centaur on level 5 of the Dungeon)
 I - a +1 falchion of freezing (weapon)
   (You took it off a wight on level 6 of the Dungeon)
Missiles
 t - 15 boomerangs (quivered)
 v - 4 javelins
 F - 4 curare-tipped darts
 Z - a throwing net {=!f}
Magical Staves
 q - a staff of death
   (You found it on level 4 of the Dungeon)
Jewellery
 h - a ring of magical power (left tentacle)
   (You took it off an orc wizard on level 6 of the Dungeon)
Wands
 V - a wand of flame (5)
   (You found it on level 6 of the Dungeon)
Scrolls
 e - 2 scrolls of noise
 f - a scroll of vulnerability
 i - 2 scrolls of summoning
 p - a scroll of silence {unknown}
 u - 2 scrolls of acquirement {unknown}
 w - a scroll of poison {unknown}
 x - 2 scrolls of amnesia {unknown}
 y - 2 scrolls of enchant armour
 z - 2 scrolls of enchant weapon
 B - 2 scrolls of magic mapping {unknown}
 C - a scroll of fog
 T - 2 scrolls of teleportation
Potions
 b - 3 potions of heal wounds {unknown}
 d - 3 potions of might {unknown}
 k - 2 potions of brilliance {unknown}
 l - 4 potions of attraction
 o - a potion of lignification {unknown}
 r - a potion of degeneration {unknown}
 s - 3 potions of invisibility {unknown}
 E - a potion of mutation {unknown}
 G - 2 potions of cancellation {unknown}
 H - 2 potions of haste
 J - a potion of resistance {unknown}
 K - a potion of magic {unknown}
 Q - 8 potions of curing


   Skills:
 - Level 4.0 Fighting
 - Level 3.0 Long Blades
 - Level 2.0 Dodging
 - Level 5.0 Stealth
 - Level 5.0 Spellcasting
 * Level 5.7 Conjurations
 - Level 4.1 Necromancy
 - Level 6.6 Fire Magic
 - Level 2.8 Earth Magic


You had 3 spell levels left.
You knew the following spells:

 Your Spells              Type           Power      Damage    Failure   Level
a - Scorch                Fire           62%        2d8       1%          2
b - Borgnjor's Vile Clut  Necr/Erth      9%         N/A       61%         5
c - Animate Dead          Necr           21%        N/A       22%         4
d - Flame Wave            Conj/Fire      29%        2d9       10%         4

Your spell library contained the following spells:

 Spells                   Type           Power      Damage    Failure   Level
 Foxfire                  Conj/Fire      100%       2x1d9     1%          1
 Necrotise                Necr           84%        1d8       2%          1
 Conjure Flame            Conj/Fire      29%        6-21      2%          3
 Vampiric Draining        Necr           21%        2d7       6%          3
 Inner Flame              Hex/Fire       18%        N/A       9%          3
 Apportation              Tloc           10%        N/A       12%         1
 Summon Small Mammal      Summ           20%        N/A       12%         1
 Agony                    Necr           21%        N/A       52%         5
 Olgreb's Toxic Radiance  Pois           5%         N/A       75%         4
 Death Channel            Necr           10%        N/A       97%         6
 Ozocubu's Refrigeration  Ice            2%         4d8       100%        7
 Ignition                 Fire           15%        3d6       100%        8


Dungeon Overview and Level Annotations

Branches:
Dungeon (7/15) Zot: 26147  Temple (1/1) D:7 Zot: 5865

Altars:
Ashenzari
Cheibriados
Dithmenos
Elyvilon
Fedhas
Gozag
Hepliaklqana
Kikubaaqudgha
Makhleb
Nemelex Xobeh
Okawaru
Qazlal
Sif Muna
Uskayaw
Wu Jian
Xom
Yredelemnul
The Shining One

Shops:
D:1 *   D:2 (   D:4 *   D:5 **[

Annotations:
D:3 2 transporters dig stuff, gelatine's ghost, amateur MiFi
D:5 dig
D:7 Pikel


Innate Abilities, Weirdness & Mutations

You cannot wear most types of armour.
You are amphibious.
You can wear up to eight rings at the same time.
Your skin changes colour to match your surroundings (Stealth+).
Your rubbery body absorbs attacks. (AC +1, EV +1)
((You are camouflaged when in or above water. (Stealth+)))
You have tentacles for arms and can constrict up to eight enemies at once.


Message History

The steam dragon is lightly wounded.
You feel sick. The steam dragon closely misses you.
The steam dragon claws you but does no damage.
A wave of flame ripples out!
The flame wave engulfs the steam dragon!
The steam dragon is heavily wounded.
You finish channelling waves of flame.
You feel sick. The steam dragon bites you. The steam dragon barely misses you.
You take 3 damage, and have 28/58 hp.
You now have 6/25 mp.
Casting: Flame Wave (dangerous; 10% risk of failure)
Confirm with . or Enter, or press ? or * to list all spells.
Flames lash the steam dragon.
The steam dragon is heavily wounded.
The steam dragon's fire resistance burns away.
You feel sick. The steam dragon bites you!
* * * LOW HITPOINT WARNING * * *
The steam dragon claws you.
* * * LOW HITPOINT WARNING * * *
You take 16 damage, and have 12/58 hp.
MASSIVE DAMAGE!!
You now have 4/25 mp.
Casting: Scorch (safe; 1% risk of failure)
Confirm with . or Enter, or press ? or * to list all spells.
Flames lash the steam dragon.
The steam dragon is burned terribly!
The steam dragon is severely wounded.
You feel sick. The steam dragon bites you!
* * * LOW HITPOINT WARNING * * *
The steam dragon closely misses you.
You take 8 damage, and have 4/58 hp.
You now have 2/25 mp.
You feel better. The steam dragon completely misses you.
The steam dragon claws you but does no damage.
You regained 9 hp, and now have 13/58 hp.
Casting: Scorch (safe; 1% risk of failure)
Confirm with . or Enter, or press ? or * to list all spells.
Flames lash the steam dragon.
The steam dragon is burned terribly!
You kill the steam dragon!
The steam dragon scales are intact enough to wear.
You now have 1/25 mp.
Things that are here:
a +0 short sword; a kobold corpse
There is a stone staircase leading up here.
You climb upwards.
There is a stone staircase leading down here.
You start resting.
Magic restored.
You regained 19 hp, and now have 38/58 hp.
MP restored: 25 You start resting.
HP restored.
Health restored: 58 You climb downwards.
Level annotation: Pikel
There is a stone staircase leading up here.
A hound comes into view.
You see here a potion of haste.
H - 2 potions of haste (gained 1)
Casting: Scorch (safe; 1% risk of failure)
Confirm with . or Enter, or press ? or * to list all spells.
You can't see any susceptible monsters within range! (Use Z to cast anyway.)
Casting: Scorch (safe; 1% risk of failure)
Confirm with . or Enter, or press ? or * to list all spells.
You can't see any susceptible monsters within range! (Use Z to cast anyway.)
The hound barks!
Casting: Scorch (safe; 1% risk of failure)
Confirm with . or Enter, or press ? or * to list all spells.
Flames lash the hound.
The hound is heavily wounded.
The hound's fire resistance burns away.
The hound bites you.
You take 5 damage, and have 53/58 hp.
You now have 23/25 mp.
Casting: Scorch (safe; 1% risk of failure)
Confirm with . or Enter, or press ? or * to list all spells.
Flames lash the hound.
The hound is burned terribly!
You kill the hound!
Training target 5.0 for Spellcasting reached!
Your Spellcasting skill increases to level 5!
You now have 21/25 mp.
Casting: Scorch (safe; 1% risk of failure)
Confirm with . or Enter, or press ? or * to list all spells.
You can't see any susceptible monsters within range! (Use Z to cast anyway.) Magic restored.
Prince Ribbit comes into view.
You regained 4 hp, and now have 57/58 hp.
MP restored: 25
Casting: Scorch (safe; 1% risk of failure)
Confirm with . or Enter, or press ? or * to list all spells.
You can't see any susceptible monsters within range! (Use Z to cast anyway.)
Casting: Scorch (safe; 1% risk of failure)
Confirm with . or Enter, or press ? or * to list all spells.
You can't see any susceptible monsters within range! (Use Z to cast anyway.) Prince Ribbit croaks.
You hear an angry hiss.
Health restored: 58 A wyvern comes into view.
The wyvern hisses angrily.
Casting: Scorch (safe; 1% risk of failure)
Confirm with . or Enter, or press ? or * to list all spells.
Flames lash Prince Ribbit.
Prince Ribbit is moderately wounded.
Prince Ribbit's fire resistance burns away.
Prince Ribbit lets out a mournful croak.
Prince Ribbit closely misses you. Prince Ribbit barely misses you.
You now have 23/25 mp.
Casting: Scorch (safe; 1% risk of failure)
Confirm with . or Enter, or press ? or * to list all spells.
Flames lash Prince Ribbit.
Prince Ribbit is burned terribly!
Prince Ribbit is moderately wounded.
Prince Ribbit blinks!
You now have 21/25 mp.
Casting: Scorch (safe; 1% risk of failure)
Confirm with . or Enter, or press ? or * to list all spells.
Flames lash the wyvern.
The wyvern is lightly wounded.
The wyvern's fire resistance burns away.
You now have 19/25 mp.
Casting: Scorch (safe; 1% risk of failure)
Confirm with . or Enter, or press ? or * to list all spells.
Flames lash the wyvern.
The wyvern is burned terribly!
The wyvern is heavily wounded.
The wyvern bites you!
You take 9 damage, and have 49/58 hp.
You now have 17/25 mp.
Casting: Scorch (safe; 1% risk of failure)
Confirm with . or Enter, or press ? or * to list all spells.
Flames lash the wyvern.
The wyvern is burned terribly!
The wyvern is severely wounded.
The wyvern bites you. The wyvern bites you!!
You take 22 damage, and have 27/58 hp.
MASSIVE DAMAGE!!
You now have 16/25 mp.
Casting: Scorch (safe; 1% risk of failure)
Confirm with . or Enter, or press ? or * to list all spells.
Flames lash the wyvern but do no damage.
The wyvern bites you!
You take 7 damage, and have 20/58 hp.
You now have 14/25 mp.
Casting: Scorch (safe; 1% risk of failure)
Confirm with . or Enter, or press ? or * to list all spells.
Flames lash Prince Ribbit.
Prince Ribbit is burned terribly!
Prince Ribbit is severely wounded.
The wyvern closely misses you. Prince Ribbit hits you.
The wyvern barely misses you.
You take 2 damage, and have 18/58 hp.
You now have 12/25 mp.
Casting: Scorch (safe; 1% risk of failure)
Confirm with . or Enter, or press ? or * to list all spells.
Flames lash Prince Ribbit.
Prince Ribbit is burned terribly!
Prince Ribbit is almost dead.
Prince Ribbit hits you.
* * * LOW HITPOINT WARNING * * *
The wyvern bites you!
* * * LOW HITPOINT WARNING * * *
You take 14 damage, and have 4/58 hp.
MASSIVE DAMAGE!!
You now have 10/25 mp.
Casting: Scorch (safe; 1% risk of failure)
Confirm with . or Enter, or press ? or * to list all spells.
Flames lash Prince Ribbit.
Prince Ribbit is burned terribly!
You kill Prince Ribbit!
The wyvern bites you.
You die...

##### ##########
#.... #........#
#....##........#
#..............#
#.....#.....@..#
#.....#......l.#
###.....#####.##....
............#.#
......
#########.##.##.#
..... ..... #.<#
##.# ..... ....# #
#..# ##.# .... ....#
#.#..#.##. ....
....###.#..#.##.##


You could see a wyvern (combustible).

Vanquished Creatures
  Prince Ribbit (D:7)
  3 yaks
  A steam dragon (D:7)
  4 ogres
  A centaur (D:5)
  A phantom (D:5)
  3 lemures
  A kobold brigand (D:7)
  A bullfrog (D:7)
  5 necrophages
  2 scorpions (D:4)
  3 wights
  6 hounds
  An orc priest (D:6)
  2 jellies
  2 iguanas
  3 orc wizards
  4 gnolls
  6 adders
  3 white imps
  2 worms
  2 dart slugs
  18 orcs
  8 endoplasms
  4 giant cockroaches
  17 goblins
  7 hobgoblins
  5 jackals
  8 quokkas
  5 ball pythons
  8 bats
  4 frilled lizards
  13 kobolds
  3 rats
157 creatures vanquished.

Vanquished Creatures (others)
  6 plants (D:1)
  9 withered plants (D:1)
15 creatures vanquished.

Grand Total: 172 creatures vanquished

Notes
Turn   | Place    | Note
-------+----------+-------------------------------------------
     0 | D:1      | mdonais the Octopode Cinder Acolyte began the quest for the
                  | Orb.
     0 | D:1      | Reached XP level 1. HP: 16/16 MP: 2/2
    66 | D:1      | Reached skill level 1 in Stealth
   103 | D:1      | Reached XP level 2. HP: 16/21 MP: 3/3
   631 | D:1      | Found a faded altar of an unknown god.
   692 | D:1      | Found Geunn's Assorted Antiques.
   698 | D:1      | Reached XP level 3. HP: 26/26 MP: 3/5
  1281 | D:1      | Bought a black potion for 27 gold pieces
  1307 | D:2      | Learned a level 2 spell: Scorch
  1330 | D:2      | Found Paick's Antique Weapon Shop.
  1763 | D:2      | Reached XP level 4. HP: 29/31 MP: 2/7
  2386 | D:1      | Bought 2 bubbling coppery potions for 55 gold pieces
  2428 | D:2      | Found Paick's Antique Weapon Shop.
  2789 | D:3      | Reached XP level 5. HP: 36/36 MP: 4/9
  3051 | D:3      | Found a transporter.
  3051 | D:3      | Noticed gelatine's ghost (amateur MiFi)
  3056 | D:3      | Found a transporter.
  3140 | D:3      | Reached skill level 4 in Fire Magic
  3316 | D:3      | Noticed an ice beast
  4153 | D:4      | Found Rauveugg's Neck Hole.
  4179 | D:4      | Reached skill level 5 in Fire Magic
  4179 | D:4      | Reached XP level 6. HP: 42/42 MP: 5/10
  4815 | D:4      | Found a sparkling altar of Nemelex Xobeh.
  4815 | D:4      | Found a snail-covered altar of Cheibriados.
  4820 | D:4      | Reached XP level 7. HP: 46/46 MP: 7/12
  4859 | D:4      | Found a faded altar of an unknown god.
  4862 | D:4      | Found a white marble altar of Elyvilon.
  4864 | D:4      | Found a shimmering altar of Xom.
  5064 | D:1      | Bought a scroll labelled MAN PIM LUIH for 31 gold pieces
  5064 | D:1      | Bought a scroll labelled PUTHYB XATH for 31 gold pieces
  5064 | D:1      | Bought a bubbling coppery potion for 27 gold pieces
  5184 | D:5      | Entered Level 5 of the Dungeon
  5207 | D:5      | Reached skill level 6 in Fire Magic
  5472 | D:5      | Found Beetil's Armour Emporium.
  5480 | D:5      | Found Uclu Jea's Assorted Antiques.
  5485 | D:5      | Reached skill level 1 in Dodging
  5625 | D:5      | Bought a scroll labelled EZUHITRE BISUN for 29 gold pieces
  5625 | D:5      | Bought a scroll labelled LELUACW LAPNEP for 29 gold pieces
  5834 | D:5      | Found Orifriq's General Store.
  5935 | D:5      | Reached skill level 5 in Stealth
  6152 | D:5      | Reached XP level 8. HP: 54/54 MP: 7/14
  6534 | D:5      | Learned a level 5 spell: Borgnjor's Vile Clutch
  6551 | D:5      | Bought a cyan potion for 26 gold pieces
  6598 | D:6      | Learned a level 4 spell: Animate Dead
  6651 | D:6      | Found a glowing golden altar of the Shining One.
  6685 | D:6      | Found a stormy altar of Qazlal.
  6792 | D:6      | Reached skill level 1 in Necromancy
  6797 | D:6      | Reached skill level 1 in Earth Magic
  7498 | D:6      | Learned a level 4 spell: Flame Wave
  7705 | D:6      | Reached skill level 1 in Conjurations
  7887 | D:6      | Reached XP level 9. HP: 58/58 MP: 15/15
  8048 | D:5      | Bought a lumpy ruby potion for 26 gold pieces
  8079 | D:7      | Noticed Pikel
  8180 | D:7      | Found a staircase to the Ecumenical Temple.
  8189 | Temple   | Entered the Ecumenical Temple
  8517 | D:6      | Reached skill level 5 in Conjurations
  9029 | D:7      | Reached skill level 5 in Spellcasting
  9048 | D:7      | Noticed Prince Ribbit
  9063 | D:7      | Killed Prince Ribbit
  9063 | D:7      | Slain by a wyvern

Illustrated notes

Levels and vault maps discovered:
D:1:      psy_arrival_wood_between_worlds, layout_basic, serial_shops, shop,
          shapermc_ecumenical_altar_flowoftime, minmay_misc_feat_chi,
          minmay_unequal
D:2:      layout_rooms, serial_shops, nicolae_shop_waterfront
D:3:      layout_basic, gammafunk_ghost_arena, wad_floor_pattern_untrapped,
          lightli_corner_chamber
D:4:      layout_basic, chequers_temple_overflow_minitemple,
          nicolae_shop_sticking_my_neck_out
D:5:      layout_cave_pools, serial_shops, shop_fountains,
          nicolae_shop_hallway_stairs, nicolae_diamond_shop, item_on_display_a
D:6:      layout_rooms, mainiacjoe_overflow_two_lobes, kennysheep_generic_room_7
D:7:      layout_basic, minmay_temple_entry_trees, uniq_prince_ribbit1,
          uniq_pikel
Temple:   nicolae_temple_godzebo

Skill      XL: |  1  2  3  4  5  6  7  8  9 |
---------------+----------------------------+-----
Stealth        | 2 3 4 5 |  5.0
Spellcasting   | 2 3 4 5 |  5.0
Fire Magic     | 5 6 |  6.6
Dodging        | 2 |  2.0
Fighting       | 4 |  4.0
Necromancy     | 4 |  4.1
Earth Magic    | 2 |  2.8
Conjurations   | 2 5 |  5.7
Long Blades    | |  3.0

Action                   |  1- 3 |  4- 6 |  7- 9 || total
-------------------------+-------+-------+-------++-------
Melee: Falchion          |   101 |    14 |     9 ||   124
       Tentacles         |    24 |     5 |     2 ||    31
       Constrict         |    36 |     4 |     1 ||    41
       Dagger            |     6 |     1 |       ||     7
       Punch             |     2 |       |       ||     2
Throw: Boomerang         |       |       |     7 ||     7
       Dart              |       |       |     6 ||     6
 Cast: Scorch            |     5 |    67 |   145 ||   217
       Flame Wave        |       |       |     1 ||     1
  Use: Scroll            |       |       |     7 ||     7
       Potion            |       |       |     3 ||     3
 Stab: Sleeping          |    10 |     1 |       ||    11
Armor: Skin              |    11 |     2 |     6 ||    19
Dodge: Dodged            |    55 |    16 |    44 ||   115
